 Dungeon Crawl Stone Soup version 0.26.0-16-gc1dbca0489 (webtiles) character file.

Game seed: 13697616170994967326

364 DearestLeader the Geomancer (level 6, -6/32 HPs)
             Began as a Gargoyle Earth Elementalist on Jan 18, 2021.
             Was a Follower of Vehumet.
             Mangled by an iguana (11 damage)
             ... on level 4 of the Dungeon on Jan 19, 2021.
             The game lasted 00:07:46 (4213 turns).

DearestLeader the Geomancer (GrEE)                  Turns: 4213, Time: 00:07:47

Health: -6/32      AC:  7    Str: 12    XL:     6   Next: 67%
Magic:  8/10       EV: 12    Int: 17    God:    Vehumet [*.....]
Gold:   249        SH:  0    Dex: 10    Spells: 4/10 levels left

rFire    . . .     SeeInvis +   a - +0 dagger
rCold    . . .     Faith    .   (no shield)
rNeg     + . .     Spirit   .   c - +0 robe
rPois    ∞         Reflect  .   d - +0 helmet
rElec    +         Harm     .   (no cloak)
rCorr    .         Rampage  .   (no gloves)
Will     +....                  (no boots)
Stlth    ++........             (no amulet)
HPRegen  0.10/turn              f - ring of willpower
MPRegen  0.12/turn              k - ring of see invisible (curse)

@: no status effects
A: negative energy resistance 1, electricity resistance, unbreathing,
petrification resistance, miasma immunity, AC +4
a: Renounce Religion


You were on level 4 of the Dungeon.
You worshipped Vehumet.
Vehumet was aware of your devotion.
You visited 1 branch of the dungeon, and saw 4 of its levels.

You collected 249 gold pieces.

Inventory:

Hand Weapons
 a - a +0 dagger (weapon)
Missiles
 b - 196 stones
Armour
 c - a +0 robe (worn)
 d - a +0 helmet (worn)
Jewellery
 f - a ring of willpower (left hand)
 k - a cursed ring of see invisible (right hand)
 p - an uncursed ring of ice
 t - a +6 ring of dexterity {unknown}
Scrolls
 g - a scroll of enchant armour
 h - a scroll of noise
 o - a scroll of fog
 r - a scroll of remove curse {unknown}
Potions
 e - a potion of berserk rage {unknown}
 i - 3 potions of lignification
 j - a potion of might
 l - a potion of flight
 m - 2 potions of ambrosia
 n - a potion of curing
 q - 2 potions of mutation
 s - a potion of cancellation {unknown}


   Skills:
 - Level 1.5 Dodging
 - Level 2.1 Stealth
 + Level 2.8 Spellcasting
 - Level 0.7 Transmutations
 * Level 8.3 Earth Magic


You had 4 spell levels left.
You knew the following spells:

 Your Spells              Type           Power        Failure   Level
a - Sandblast             Erth           60%          1%          1
b - Passwall              Tmut/Erth      14%          4%          2
c - Stone Arrow           Conj/Erth      32%          10%         3

Your spell library contained the following spells:

 Spells                   Type           Power        Failure   Level
 Magic Dart               Conj           8%           19%         1
 Petrify                  Tmut/Erth      17%          28%         4
 Lee's Rapid Deconstruct  Erth           15%          16%         5


Dungeon Overview and Level Annotations

Branches:
Dungeon (4/15)
 Temple: D:4-7

Altars:
Ashenzari
Kikubaaqudgha
Nemelex Xobeh
Okawaru
Qazlal
Vehumet
Wu Jian

Annotations:
D:4 1 transporter, Descartes's ghost, amateur DEWz


Innate Abilities, Weirdness & Mutations

You are resistant to torment.
Your stone body is resilient. (AC +4)
You are immune to poison.
You resist negative energy. (rN+)
You are resistant to electric shocks. (rElec)
You can survive without breathing.
You are immune to petrification.
You are immune to miasma.


Message History

You are too injured to fight recklessly!
The iguana bites you!
* * * LOW HITPOINT WARNING * * *
Casting: Sandblast (safe; 1% risk of failure)
Confirm with . or Enter, or press ? or * to list all spells.
Aiming: Sandblast (safe; 1% risk of failure)
Press: ? - help, Shift-Dir - straight line, f - iguana
Aim: an iguana (moderately wounded, 16% to evade)
The blast of sand hits the iguana!
The iguana is almost dead.
The iguana barely misses you.
Casting: Sandblast (safe; 1% risk of failure)
Confirm with . or Enter, or press ? or * to list all spells.
Aiming: Sandblast (safe; 1% risk of failure)
Press: ? - help, Shift-Dir - straight line, f/p - iguana
Aim: an iguana (almost dead, 16% to evade)
The blast of sand hits the iguana but does no damage.
The iguana is almost dead.
The iguana bites you!
You die...

.......#####...........#
#..................# .
##.###############.# .
######.### §§§§§ #.# ©
#........# §§§§§ #.# #
#.####.###§§§§§§ #.## (
#...#§§§§§§ #... .
..)#.#.# #(..######§
#.## . #n.#.#.#
#..@loooZ#8 #.# .
#..#.#.# #...######§ #.#
(.##..#.#.# #.###§§§§§§
#.# ©.....#.#.# ...#
§§§§§§ #.##
..##..#.#.##.### §§§§§§
#..# ..8#..#.#.##.#
§§§§§ ##.#
..##..#...##.##
############.#
....ZZ#.......#
##.##.##.#
$..nWZ#.......##
#.....##.#


You could see a diamond obelisk (tornado), an iguana, 3 orcs and a howler monkey
skeleton.

Vanquished Creatures
  A scorpion (D:3)
  A hound (D:3)
  A bullfrog skeleton (D:4)
  An iguana (D:3)
  3 worker ants (D:4)
  6 adders
  5 oozes
  3 worms (D:2)
  2 dart slugs
  2 leopard geckos (D:1)
  6 orcs (D:3)
  A ball python (D:4)
  3 giant cockroaches
  5 goblins
  6 hobgoblins
  7 jackals
  5 bats
  2 frilled lizards (D:1)
  4 kobolds
  8 rats
72 creatures vanquished.

Notes
Turn   | Place    | Note
-------+----------+-------------------------------------------
     0 | D:1      | DearestLeader the Gargoyle Earth Elementalist began the
                  | quest for the Orb.
     0 | D:1      | Reached XP level 1. HP: 10/10 MP: 3/3
   412 | D:1      | Reached skill level 4 in Earth Magic
   412 | D:1      | Reached XP level 2. HP: 6/15 MP: 0/5
  1164 | D:1      | Reached XP level 3. HP: 9/19 MP: 4/6
  1419 | D:1      | Learned a level 2 spell: Passwall
  1423 | D:1      | Learned a level 3 spell: Stone Arrow
  1601 | D:2      | Reached skill level 5 in Earth Magic
  1887 | D:2      | Reached XP level 4. HP: 20/24 MP: 4/7
  1945 | D:2      | Found an ancient bone altar of Kikubaaqudgha.
  2181 | D:2      | Reached skill level 6 in Earth Magic
  2231 | D:2      | Found a radiant altar of Vehumet.
  2231 | D:2      | Found a faded altar of an unknown god.
  2238 | D:2      | Found an ornate altar of the Wu Jian Council.
  2241 | D:2      | Became a worshipper of Vehumet
  2244 | D:2      | Found an iron altar of Okawaru.
  2246 | D:2      | Found a faded altar of an unknown god.
  2687 | D:3      | Reached XP level 5. HP: 12/28 MP: 6/8
  2920 | D:3      | Reached skill level 7 in Earth Magic
  3176 | D:3      | Reached XP level 6. HP: 32/32 MP: 4/9
  3275 | D:3      | Found a sparkling altar of Nemelex Xobeh.
  3564 | D:3      | Found a broken altar of Ashenzari.
  3902 | D:4      | Found a transporter.
  3903 | D:4      | Noticed Descartes's ghost (amateur DEWz)
  3964 | D:4      | Reached * piety under Vehumet
  3964 | D:4      | Offered knowledge of Magic Dart by Vehumet.
  3965 | D:4      | Reached skill level 8 in Earth Magic
  4073 | D:4      | Noticed a necrophage
  4199 | D:4      | Found a stormy altar of Qazlal.
  4213 | D:4      | Mangled by an iguana

Illustrated notes

Levels and vault maps discovered:
D:1:      dpeg_arrival_renting, layout_basic
D:2:      layout_basic, kiku_gazebo_pond_becter,
          chequers_temple_overflow_minitemple
D:3:      layout_loops_ring, lemuel_coloured_pillars_altar,
          amcnicky_altar_gilded
D:4:      layout_loops_ring, gammafunk_ghost_mausoleum,
          nicolae_qazlal_eye_of_the_storm

Skill      XL: |  1  2  3  4  5  6 |
---------------+-------------------+-----
Earth Magic    | 4 5 6 7 8 |  8.3
Dodging        | |  1.5
Stealth        | |  2.1
Spellcasting   | |  2.8
Transmutations | |  0.7

Action                   |  1- 3 |  4- 6 || total
-------------------------+-------+-------++-------
Melee: Dagger            |    83 |   206 ||   289
 Cast: Sandblast         |    27 |    36 ||    63
  Use: Scroll            |       |    11 ||    11
 Stab: Sleeping          |     4 |     3 ||     7
Armor: Robe              |    28 |    82 ||   110
Dodge: Dodged            |    47 |   133 ||   180
